 Dungeon Crawl Stone Soup version 0.26-a0-365-g11c2b627af (webtiles) character file.

Game seed: 5260076882894027243

7 MrRokkomies the Insei (level 1, 0/16 HPs)
             Began as a Demigod Transmuter on July 19, 2020.
             Slain by a goblin
             ... wielding a +0 club
              (1 damage)
             ... on level 1 of the Dungeon.
             The game lasted 00:00:39 (132 turns).

MrRokkomies the Insei (Demigod Transmuter)           Turns: 132, Time: 00:00:39

Health: 0/16       AC:  2    Str: 13    XL:     1   Next: 66%
Magic:  5/5        EV: 12    Int: 17    God:
Gold:   0          SH:  0    Dex: 16    Spells: 2/3 levels left

rFire    . . .     SeeInvis .     - Unarmed
rCold    . . .     Faith    .   (no shield)
rNeg     . . .     Spirit   .   a - +0 robe
rPois    .         Reflect  .   (no helmet)
rElec    .         Harm     .   (no cloak)
rCorr    .                      (no gloves)
MR       .....                  (no boots)
Stlth    +.........             (no amulet)
HPRegen  0.05/turn              (no ring)
MPRegen  0.09/turn              (no ring)

@: no status effects
A: high mp 1
a: no special abilities


You were on level 1 of the Dungeon.
You visited 1 branch of the dungeon, and saw 1 of its levels.

Inventory:

Missiles
 b - 5 boomerangs (quivered)
 c - 17 arrows
 d - 27 bolts
Armour
 a - a +0 robe (worn)


   Skills:
 * Level 1.2 Fighting
 + Level 1.9 Dodging
 * Level 2.9 Unarmed Combat
 - Level 1.7 Spellcasting
 - Level 1.7 Transmutations


You had 2 spell levels left.
You knew the following spells:

 Your Spells              Type           Power        Failure   Level
a - Beastly Appendage     Tmut           #.....       10%         1

Your spell library contained the following spells:

 Spells                   Type           Power        Failure   Level
 Wereblood                Tmut           #.......     14%         2
 Spider Form              Tmut/Pois      #.........   38%         3
 Ice Form                 Ice/Tmut       #.......     80%         4
 Blade Hands              Tmut           #.........   95%         5


Dungeon Overview and Level Annotations

Branches:
Dungeon (1/15)


Innate Abilities, Weirdness & Mutations

You have an increased reservoir of magic. (+10% MP)


Message History

The goblin hits you with a +0 club.
You barely miss the goblin.
The hobgoblin shouts!
The goblin barely misses you.
You barely miss the goblin. The goblin hits you but does no damage.
You hit the kobold.
The kobold is moderately wounded.
A dart slug comes into view.
The kobold hits you.
You closely miss the kobold.
The kobold is moderately wounded.
The goblin closely misses you. The kobold hits you.
Unknown command.
You closely miss the goblin. The goblin barely misses you.
You barely miss the goblin. The goblin hits you with a +0 club.
* * * LOW HITPOINT WARNING * * *
You barely miss the goblin. The goblin hits you with a +0 club.
* * * LOW HITPOINT WARNING * * *
You completely miss the goblin. The goblin hits you with a +0 club.
You die...

#≈##+###+# # #≈≈#.#....
#. #≈≈#.#..#. ###.####
##≈≈#.#..#.
.......######...'.'.8#8
..............≈≈#.#..#.
.........##...≈≈#.#..#.
#........≈≈#.#....
#@#.##...≈##+###'#
#g#.###.#≈# +.... #K#.#
#.#≈# ##### #.>.g#.#
#.#≈# #.##.#.# #.#≈≈ ..
.w... ..# # ## ....#
### ..... .....


You could see a dart slug, a hobgoblin, a goblin and a kobold.

Vanquished Creatures
  An ooze (D:1)
  A hobgoblin (D:1)
  A bat (D:1)
3 creatures vanquished.

Notes
Turn   | Place    | Note
-------+----------+-------------------------------------------
     0 | D:1      | MrRokkomies the Demigod Transmuter began the quest for the
                  | Orb.
     0 | D:1      | Reached XP level 1. HP: 15/15 MP: 5/5
    22 | D:1      | Reached skill level 1 in Fighting
   132 | D:1      | Slain by a goblin

Illustrated notes

Levels and vault maps discovered:
D:1:      heliophobic_arrival_glass_houses, layout_loops_ring

Skill      XL: |  1 |
---------------+----+-----
Fighting       | 1 |  1.2
Dodging        | |  1.9
Unarmed Combat | |  2.9
Spellcasting   | |  1.7
Transmutations | |  1.7

Action                   || total
-------------------------++-------
Melee: Unarmed           ||    15
Throw: Boomerang         ||     7
Armor: Robe              ||     3
Dodge: Dodged            ||    11

Table legend: (Time is in decaauts)
 A = Elapsed time spent in this place.
 B = Non-inter-level travel time spent in this place.
 C = Inter-level travel time spent in this place.
 D = Time resting spent in this place.
 E = Time spent auto-exploring this place.
 F = Levels seen in this place.
 G = Mean time per level.
                   A        B        C        D        E       F      G
               +--------+--------+--------+--------+--------+-----+--------+
         Total |    133 |    133 |      0 |      0 |     84 |   1 |  133.0 |
       Dungeon |    133 |    133 |      0 |      0 |     84 |   1 |  133.0 |
               +--------+--------+--------+--------+--------+-----+--------+
